 Dungeon Crawl Stone Soup version 0.19.1 (webtiles) character file.

35 Idleism the Chopper (level 3, -10/33 HPs)
             Began as a Deep Dwarf Fighter on Dec 6, 2016.
             Mangled by a gnoll
             ... wielding a +0 halberd
              (13 damage)
             ... on level 2 of the Dungeon.
             The game lasted 00:03:13 (1399 turns).

Idleism the Chopper (Deep Dwarf Fighter)            Turns: 1399, Time: 00:03:14

Health: -10/33     AC:  8    Str: 20    XL:     3   Next: 16%
Magic:  3/3        EV:  7    Int:  8    God:
Gold:   36         SH:  9    Dex: 12    Spells: 0 memorised, 2 levels left

rFire  . . .     SeeInvis .     a - +0 war axe
rCold  . . .     Gourm    .     b - +0 scale mail
rNeg   + . .     Faith    .     c - +0 shield
rPois  .         Spirit   .     (no helmet)
rElec  .         Reflect  .     p - +0 cloak
rCorr  +         Harm     .     (no gloves)
MR     .....                    (no boots)
Stlth  ..........               (no amulet)
                                s - ring of resist corrosion
                                j - ring of positive energy

@: non-regenerating
A: damage resistance, recharge devices, sense surroundings 1, slow regeneration
3
a: Device Recharging


You were on level 2 of the Dungeon.
You were not hungry.

You visited 1 branch of the dungeon, and saw 2 of its levels.

You collected 36 gold pieces.

Inventory:

Hand Weapons
 a - a +0 war axe (weapon)
Missiles
 m - 8 tomahawks (quivered)
Armour
 b - a +0 scale mail (worn)
 c - a +0 shield (worn)
 p - a +0 cloak (worn)
Jewellery
 j - a ring of positive energy (left hand)
 s - a ring of resist corrosion (right hand)
Wands
 e - a wand of heal wounds (4/9)
 r - a wand of confusion (18/48)
Scrolls
 h - a scroll of random uselessness {unknown}
 i - a scroll of remove curse {unknown}
 k - a scroll of noise {unknown}
Potions
 d - 2 potions of might
 l - a potion of mutation {unknown}
 n - a potion of brilliance {unknown}
 o - a potion of flight {unknown}
 q - a potion of magic {unknown}
Comestibles
 f - a bread ration
 g - a chunk of flesh


   Skills:
 - Level 2.6 Fighting
 + Level 4.0 Axes
 - Level 3.2 Armour
 - Level 3.2 Shields


You had 2 spell levels left.
You didn't know any spells.

Dungeon Overview and Level Annotations

Branches:
Dungeon (2/15)

Altars:
Cheibriados
Yredelemnul


Innate Abilities, Weirdness & Mutations

You are resistant to damage.
You can recharge devices by infusing magical energy.
You passively map a small area around you.
You do not regenerate.


Message History

A jackal and a gnoll come into view.
The jackal moves out of view.
You slash the jackal!
You kill the jackal!
You block the gnoll's attack.
A jackal comes into view.
The jackal barks!
You hear a bark!
You hear an angry hiss.
You hear a shout! x2
You hear a bark!
The gnoll hits you with a halberd!
A gnoll comes into view. It is wielding a spear.
You hit the gnoll.
The gnoll is moderately wounded.
The gnoll hits you with a halberd!
* * * LOW HITPOINT WARNING * * *
2 jackals come into view.
You barely miss the gnoll.
The gnoll is moderately wounded.
You closely miss the jackal. You block the jackal's attack.
The gnoll hits you with a halberd!
You die...

##...#....##....#..###..........#
##......###....#.####...........
..#...........#......#......... ,
#...................#.........
####.##.##.###...........
#.#.......###.........
.##...##....#*#.>....[.. , ,
......##....#........... , ,
..g..hg@....#.#......... ,
.....###h$.............. , ,
,..., #......#......... .
,,,,......###.......# , ,
,......## .......# * * ,
.......## .....#... * *


You could see 2 gnolls and 2 jackals.

Vanquished Creatures
  A worm (D:2)
  2 dart slugs (D:1)
  2 leopard geckos (D:1)
  2 giant cockroaches
  2 goblins (D:1)
  A hobgoblin (D:1)
  A jackal (D:2)
  6 bats
  3 kobolds
  7 rats
27 creatures vanquished.

Notes
Turn   | Place    | Note
-------+----------+-------------------------------------------
     0 | D:1      | Idleism the Deep Dwarf Fighter began the quest for the Orb.
     0 | D:1      | Reached XP level 1. HP: 20/20 MP: 1/1
   131 | D:1      | Found a snail-covered altar of Cheibriados.
   139 | D:1      | Reached skill level 3 in Axes
   162 | D:1      | Reached XP level 2. HP: 21/27 MP: 2/2
  1242 | D:2      | Reached XP level 3. HP: 20/33 MP: 3/3
  1262 | D:2      | Reached skill level 4 in Axes
  1286 | D:2      | Found a basalt altar of Yredelemnul.
  1399 | D:2      | Mangled by a gnoll

Skill      XL: |  1  2  3 |
---------------+----------+-----
Axes           | 3 4 |  4.0
Fighting       | |  2.6
Armour         | |  3.2
Shields        | |  3.2

Action                   || total
-------------------------++-------
Melee: War axe           ||    77
Evoke: Wand              ||     1
  Eat: Chunk             ||     2
Armor: Scale mail        ||    32
Dodge: Dodged            ||    17
Block: Shield            ||    42
